Map: [ESL] Data-C

Players

Has

  • Race: Protoss Protoss
  • Spawn Location: 3:00

Rex - Winner!

  • Race: Zerg Zerg
  • Spawn Location: 9:00

Event: DreamHack SC2 Masters 2022 Atlanta (Online)

VOD

Have the link to the VOD?

Description

Time

  • Played on: Sept. 29, 2022, 7:22 a.m.
  • Length: 10:59

All games in this series

Show
View Real Time Build Order
Export as new Build Order

Has Protoss 

Build Orders: 1 Gate Expand 

Get SALT Encoding   

  12  0:00  Probe  
  13  0:12  Probe  
  14  0:19  Pylon  
  14  0:24  Probe  
  15  0:37  Probe (Chrono Boost)  
  15  0:39  Gateway  
  16  0:46  Probe (Chrono Boost)  
  16  0:47  Assimilator  
  17  0:52  Probe  
  18  1:04  Probe  
  19  1:20  Nexus  
  19  1:32  Cybernetics Core  
  19  1:33  Probe  
  20  1:41  Assimilator  
  20  1:45  Probe  
  21  1:50  Pylon  
  21  1:58  Probe  
  22  2:06  Stalker (Chrono Boost)  
  22  2:10  Probe  
  22  2:11  Warp Gate  
  25  2:22  Probe  
  26  2:26  Robotics Facility  
  26  2:32  Adept  
  26  2:34  Probe  
  26  2:36  Probe  
  30  2:46  Forge  
  30  2:50  Probe (Chrono Boost)  
  31  2:52  Probe (Chrono Boost)  
  32  3:01  Probe (Chrono Boost)  
  32  3:02  Probe (Chrono Boost)  
  34  3:06  Gateway  
  34  3:08  Protoss Ground Weapons Level 1  
  36  3:24  Warp Prism (Chrono Boost)  
  38  3:27  Probe  
  38  3:28  Probe  
  38  3:37  Twilight Council  
  38  3:39  Probe  
  38  3:40  Probe  
  40  3:44  Pylon  
  40  3:55  Immortal (Chrono Boost)  
  40  3:59  Adept  
  46  4:12  Charge (Chrono Boost), Pylon  
  46  4:15  Zealot  
  48  4:23  Gateway  
  48  4:24  Gateway  
  48  4:32  Gateway  
  48  4:36  Gateway  
  48  4:37  Gateway  
  48  4:41  Zealot x2  
  52  4:54  Warp Prism (Chrono Boost)  
  48  5:01  Pylon  
  48  5:03  Zealot x2  
  52  5:12  Pylon  
  52  5:20  Zealot x2  
  56  5:23  Zealot x2  
  60  5:29  Zealot, Pylon  
  60  5:34  Zealot  
  60  5:35  Zealot  
  66  5:40  Zealot x2  
  70  5:45  Pylon  
  70  5:57  Zealot x3  
  70  5:58  Zealot x2  
  70  6:01  Zealot x2  
  64  6:20  Zealot x4  
  64  6:21  Zealot  
  64  6:22  Zealot x2  
  64  6:25  Probe x2  
  50  6:43  Zealot x2  
  50  6:46  Zealot x4  
  50  6:47  Zealot  
  62  6:50  Probe  
  63  7:00  Probe  
  64  7:02  Probe  
  59  7:28  Adept x2  
  59  7:29  Protoss Ground Weapons Level 2 (Chrono Boost)  
  55  7:31  Probe x2  
  55  7:33  Zealot  
  55  7:34  Zealot x4  
  61  7:53  Stalker  
  63  7:58  Assimilator  
  63  7:59  Zealot x2, Assimilator  
  63  8:00  Immortal (Chrono Boost)  
  72  8:05  Probe  
  72  8:21  Probe x2  
  74  8:28  Zealot x3  
  74  8:29  Zealot x3  
  86  8:34  Pylon  
  86  8:36  Pylon  
  86  8:39  Pylon  
  86  8:54  Pylon  
  86  9:00  Zealot x2  
  86  9:01  Zealot x5  
  100  9:04  Templar Archives  
  100  9:16  Warp Prism (Chrono Boost)  
  102  9:24  Adept  
  102  9:27  Pylon  
  104  9:31  Pylon  
  104  9:34  Zealot x3  
  110  9:40  Pylon  
  110  9:49  High Templar x4  
  118  9:59  Archon  
  118  10:00  Archon  
  118  10:07  Zealot, High Templar x2  
  118  10:12  Archon, Pylon  
Show
View Real Time Build Order
Export as new Build Order

Rex Zerg - Winner!

Build Orders: Hatch First 

Get SALT Encoding   

  12  0:00  Drone  
  13  0:12  Overlord  
  13  0:17  Drone  
  14  0:31  Drone  
  14  0:32  Drone  
  16  0:50  Hatchery  
  16  0:53  Drone  
  16  0:56  Drone  
  17  0:59  Drone  
  18  1:11  Extractor  
  17  1:15  Spawning Pool  
  16  1:19  Drone  
  16  1:21  Drone  
  18  1:29  Drone  
  19  1:42  Drone  
  20  1:52  Overlord  
  20  2:02  Queen x2  
  20  2:04  Zergling x4  
  26  2:11  Metabolic Boost  
  26  2:14  Drone  
  27  2:16  Drone  
  27  2:22  Drone  
  29  2:24  Drone  
  30  2:39  Hatchery  
  30  2:44  Drone x2  
  31  2:49  Queen  
  33  2:56  Overlord  
  33  2:57  Drone  
  34  3:00  Drone  
  34  3:02  Drone  
  36  3:08  Overlord  
  36  3:14  Queen  
  36  3:16  Zergling x4  
  40  3:20  Drone  
  40  3:21  Drone  
  42  3:28  Queen  
  42  3:29  Drone  
  42  3:33  Drone x2  
  47  3:41  Drone  
  47  3:43  Drone  
  47  3:44  Roach Warren  
  47  3:45  Drone  
  47  3:47  Drone  
  47  3:48  Drone  
  51  3:53  Overlord  
  51  3:57  Overlord  
  51  3:58  Drone  
  51  4:14  Zergling x12  
  57  4:17  Spine Crawler  
  57  4:19  Overlord  
  56  4:28  Drone x4  
  56  4:30  Extractor  
  59  4:34  Overlord  
  61  4:38  Roach x5  
  68  4:57  Drone x12  
  68  4:59  Overlord  
  80  5:00  Extractor  
  80  5:04  Baneling Nest  
  80  5:05  Roach  
  80  5:12  Spore Crawler, Roach x2  
  83  5:16  Roach x2  
  86  5:24  Drone  
  86  5:28  Roach x3  
  93  5:33  Zergling x10  
  98  5:39  Overlord  
  98  5:42  Overlord  
  98  5:43  Overlord  
  98  5:45  Overlord  
  98  5:47  Baneling x6  
  98  5:48  Baneling  
  98  5:54  Overlord  
  98  5:57  Overlord  
  97  5:59  Zergling x2, Baneling x2  
  97  6:03  Baneling  
  97  6:04  Baneling  
  98  6:05  Zergling x2  
  98  6:11  Zergling x4  
  98  6:14  Baneling x4  
  98  6:15  Zergling x2, Drone  
  97  6:22  Zergling x6  
  97  6:23  Zergling x2, Drone  
  96  6:27  Queen x2  
  96  6:31  Zergling x2, Roach x5  
  101  6:37  Zergling x6, Drone  
  105  6:42  Zergling x2, Drone  
  105  6:43  Baneling x4  
  105  6:44  Baneling  
  105  6:45  Zergling x2  
  107  6:47  Zergling x4  
  107  6:50  Zergling x2, Baneling, Drone  
  107  6:51  Baneling  
  111  6:55  Roach  
  111  7:00  Baneling x2  
  113  7:02  Overlord x2  
  113  7:08  Spore Crawler, Drone x6  
  117  7:22  Zergling x2, Drone  
  115  7:26  Zergling x8  
  115  7:29  Zergling x2, Drone x2  
  122  7:32  Zergling x2, Drone  
  122  7:34  Lair  
  124  7:41  Zergling x10  
  129  7:48  Roach  
  129  7:49  Extractor x2  
  129  7:50  Roach  
  129  7:51  Roach  
  133  7:58  Spore Crawler, Roach x3  
  138  8:02  Roach  
  145  8:12  Roach  
  145  8:13  Roach x2  
  141  8:20  Roach x2  
  141  8:22  Queen  
  141  8:23  Overlord x2  
  145  8:30  Overlord x2  
  145  8:31  Queen  
  144  8:34  Glial Reconstitution  
  144  8:45  Baneling x14  
  144  8:50  Roach  
  144  8:51  Roach x2  
  144  8:55  Roach x2  
  151  8:58  Queen  
  152  9:07  Queen  
  152  9:08  Drone x3  
  152  9:09  Centrifugal Hooks, Evolution Chamber  
  156  9:13  Roach x2  
  156  9:15  Roach x2, Hatchery  
  163  9:19  Roach x2  
  163  9:23  Roach  
  168  9:24  Roach  
  168  9:27  Roach  
  168  9:28  Roach  
  168  9:30  Roach  
  175  9:34  Roach  
  175  9:36  Overlord x2  
  175  9:38  Baneling x3  
  176  9:43  Overlord x2  
  176  9:49  Overlord  
  176  9:50  Queen  
  176  9:52  Overseer  
  178  9:56  Roach x3  
  178  9:57  Roach  
  182  10:02  Roach x3  
  188  10:15  Roach x5  
  198  10:35  Roach x4  
Tags
 
Add a new tag
Caveats
  • Supply blocks, unpowered buildings, or Contaminate may cause inaccurate times.
  • Supply counts are checked every 10 seconds.